MWL (24 & UNDER)
GRIM REAPERS @ MINNESOTA DEATH STARS
06/01/2028
 
TOP OF THE 1ST
Grim Reapers batting - Pitching for Minnesota Death Stars : RHP Pete Booker
Pitching: RHP Pete Booker
Batting: LHB Carlos De La Rosa 0-0: Ground out U3 (Groundball, 3)
Batting: RHB Jeremiah Ward 0-0: Called Strike
0-1: Ball
1-1: Foul Ball, location: 2F
1-2: Ball
2-2: Foul Ball, location: 2F
2-2: TRIPLE (Groundball, 3L)
Batting: RHB Micheal Banks 0-0: Ball
1-0: Ball
2-0: Fly out, F9 (Flyball, 9LS)
Runner from 3rd tags up, SCORES, no throw
Batting: LHB Jesús Rojas 0-0: Called Strike
0-1: Ball
1-1: Ground out 1-3 (Groundball, 13)
Top of the 1st over - 1 run(s), 1 hit(s), 0 error(s), 0 left on base; Grim 1 - Minnesota 0
BOTTOM OF THE 1ST
Minnesota Death Stars batting - Pitching for Grim Reapers : RHP Danny Clayton
Pitching: RHP Danny Clayton
Batting: RHB José Chávez 0-0: Ball
1-0: Ball
2-0: Ball
3-0: Base on Balls
Batting: RHB Sean White 0-0: Called Strike
0-1: Ball
Wild Pitch!
José Chávez to second
1-1: Fly out, F8 (Flyball, 8LS)
Batting: RHB Alfredo Villegas 0-0: Ball
1-0: Swinging Strike
1-1: Ball
2-1: Fly out, F7 (Flyball, 7S)
Batting: LHB Gonzalo Gálvez 0-0: Ball
1-0: Foul Ball, location: 2F
1-1: Fly out, F7 (Flyball, 7S)
Bottom of the 1st over - 0 run(s), 0 hit(s), 0 error(s), 1 left on base; Grim 1 - Minnesota 0
TOP OF THE 2ND
Grim Reapers batting - Pitching for Minnesota Death Stars : LHP Wessel Timmermans
Pitching: LHP Wessel Timmermans
Batting: SHB Sean Moody 0-0: Ball
1-0: Fly out, F9 (Flyball, 9)
Batting: RHB Roberto Solís 0-0: Ball
1-0: Swinging Strike
1-1: Called Strike
1-2: Ground out 6-3 (Groundball, 6)
Batting: RHB Gilbert Forbes 0-0: Ball
1-0: Ball
2-0: Ball
3-0: Base on Balls
Batting: RHB John Jones 0-0: Called Strike
0-1: Swinging Strike
0-2: Strikes out swinging
Top of the 2nd over - 0 run(s), 0 hit(s), 0 error(s), 1 left on base; Grim 1 - Minnesota 0
BOTTOM OF THE 2ND
Minnesota Death Stars batting - Pitching for Grim Reapers : RHP Danny Clayton
Batting: RHB Sidney Smith 0-0: Fly out, F3 (Popup, 34)
Batting: RHB Manuel Cintrón 0-0: SINGLE (Flyball, 8RS)
Batting: LHB Shannon Hunter 0-0: Called Strike
0-1: Ball
1-1: Fly out, F8 (Line Drive, 78M)
Batting: RHB Ryan Williams 0-0: Called Strike
0-1: Ball
1-1: Called Strike
1-2: Strikes out swinging
Bottom of the 2nd over - 0 run(s), 1 hit(s), 0 error(s), 1 left on base; Grim 1 - Minnesota 0
TOP OF THE 3RD
Grim Reapers batting - Pitching for Minnesota Death Stars : LHP Wessel Timmermans
Batting: RHB Arthur Hopkins 0-0: Ball
1-0: Ball
2-0: Ball
3-0: Base on Balls
Batting: LHB Carlos De La Rosa 0-0: Ball
1-0: Called Strike
1-1: Ball
2-1: Swinging Strike
2-2: Fielders Choice at 2nd, 4-6 (Groundball, 4)
Batting: RHB Jeremiah Ward 0-0: Ball
1-0: Called Strike
Carlos De La Rosa is caught stealing 2nd base
1-1: Foul Ball, location: 2F
1-2: Ball
2-2: Ground out 4-3 (Groundball, 4)
Top of the 3rd over - 0 run(s), 0 hit(s), 0 error(s), 0 left on base; Grim 1 - Minnesota 0
BOTTOM OF THE 3RD
Minnesota Death Stars batting - Pitching for Grim Reapers : RHP Danny Clayton
Batting: SHB Manuel Jiménez 0-0: Called Strike
0-1: Called Strike
0-2: Ball
1-2: Foul Ball, location: 2F
1-2: Ball
2-2: Ball
3-2: Foul Ball, location: 2F
3-2: Foul Ball, location: 2F
3-2: Base on Balls
Batting: RHB José Chávez 0-0: Ball
Manuel Jiménez is caught stealing 2nd base
1-0: Fly out, F8 (Line Drive, 8LM)
Batting: RHB Sean White 0-0: Swinging Strike
0-1: Ball
1-1: Bunt for hit - play at first, batter OUT! 1-3
Bottom of the 3rd over - 0 run(s), 0 hit(s), 0 error(s), 1 left on base; Grim 1 - Minnesota 0
TOP OF THE 4TH
Grim Reapers batting - Pitching for Minnesota Death Stars : LHP Wessel Timmermans
Batting: RHB Micheal Banks 0-0: Swinging Strike
0-1: Ball
1-1: Foul Ball, location: 2F
1-2: Ball
2-2: DOUBLE (Line Drive, 78M)
Batting: LHB Jesús Rojas 0-0: Called Strike
0-1: Foul Ball, location: 2F
0-2: Strikes out swinging
Batting: SHB Sean Moody 0-0: Ball
1-0: Ball
2-0: SINGLE (Groundball, 56D)
Micheal Banks to third
Batting: RHB Roberto Solís 0-0: Ball
1-0: Ball
2-0: SINGLE (Groundball, 6MD)
Micheal Banks scores
Sean Moody to second
Batting: RHB Gilbert Forbes 0-0: Ball
1-0: Called Strike
1-1: Foul Ball, location: 2F
1-2: Foul Ball, location: 2F
1-2: Fly out, F8 (Flyball, 8RS)
Batting: RHB John Jones 0-0: Called Strike
0-1: Ball
1-1: Foul Ball, location: 2F
1-2: Ball
2-2: Ball
3-2: Ground out 5-3 (Groundball, 2L)
Top of the 4th over - 1 run(s), 3 hit(s), 0 error(s), 2 left on base; Grim 2 - Minnesota 0
BOTTOM OF THE 4TH
Minnesota Death Stars batting - Pitching for Grim Reapers : RHP Danny Clayton
Batting: RHB Alfredo Villegas 0-0: Called Strike
0-1: Called Strike
0-2: Strikes out swinging
Batting: LHB Gonzalo Gálvez 0-0: Foul Ball, location: 2F
0-1: Ground out 1-3 (Groundball, 13)
Batting: RHB Sidney Smith 0-0: Ball
1-0: SINGLE (Groundball, 56D)
Batting: RHB Manuel Cintrón 0-0: Ball
1-0: Foul Ball, location: 2F
1-1: Ball
2-1: Foul Ball, location: 2F
2-2: Foul Ball, location: 2F
2-2: Strikes out swinging
Bottom of the 4th over - 0 run(s), 1 hit(s), 0 error(s), 1 left on base; Grim 2 - Minnesota 0
TOP OF THE 5TH
Grim Reapers batting - Pitching for Minnesota Death Stars : LHP Wessel Timmermans
Batting: RHB Arthur Hopkins 0-0: Ball
1-0: Ball
2-0: Foul Ball, location: 2F
2-1: Ball
3-1: Fly out, F8 (Flyball, 78M)
Pitching: RHP Luis García
Batting: LHB Carlos De La Rosa 0-0: Called Strike
0-1: Ball
1-1: Called Strike
1-2: Strikes out swinging
Batting: RHB Jeremiah Ward 0-0: SINGLE (Line Drive, 78S)
Batting: RHB Micheal Banks 0-0: Ball
Jeremiah Ward steals 2nd base
1-0: Ball
2-0: Ball
3-0: Base on Balls
Batting: LHB Jesús Rojas 0-0: Ball
1-0: Fly out, F8 (Flyball, 8LM)
Top of the 5th over - 0 run(s), 1 hit(s), 0 error(s), 2 left on base; Grim 2 - Minnesota 0
BOTTOM OF THE 5TH
Minnesota Death Stars batting - Pitching for Grim Reapers : RHP Danny Clayton
Batting: LHB Shannon Hunter 0-0: Ball
1-0: Called Strike
1-1: Ground out 4-3 (Groundball, 4)
Batting: RHB Ryan Williams 0-0: Ball
1-0: Foul Ball, location: 2F
1-1: Ball
2-1: Swinging Strike
2-2: Reached on error, E6 (Groundball, 56)
Batting: SHB Manuel Jiménez 0-0: Called Strike
0-1: Ball
1-1: Foul Ball, location: 2F
1-2: Foul Ball, location: 2F
1-2: Ball
2-2: Ball
3-2: Ground out U3 (Groundball, 34S)
Ryan Williams to second
Batting: RHB José Chávez 0-0: Ball
1-0: Called Strike
1-1: Ball
2-1: Fly out, F4 (Line Drive, 4)
Bottom of the 5th over - 0 run(s), 0 hit(s), 1 error(s), 1 left on base; Grim 2 - Minnesota 0
TOP OF THE 6TH
Grim Reapers batting - Pitching for Minnesota Death Stars : RHP Luis García
Batting: SHB Sean Moody 0-0: Called Strike
0-1: Ball
1-1: Foul Ball, location: 2F
1-2: Fly out, F6 (Popup, 6)
Batting: RHB Roberto Solís 0-0: Called Strike
0-1: Fly out, F7 (Flyball, 7S)
Batting: RHB Gilbert Forbes 0-0: Swinging Strike
0-1: Ball
1-1: Swinging Strike
1-2: Strikes out swinging
Top of the 6th over - 0 run(s), 0 hit(s), 0 error(s), 0 left on base; Grim 2 - Minnesota 0
BOTTOM OF THE 6TH
Minnesota Death Stars batting - Pitching for Grim Reapers : RHP Danny Clayton
Batting: RHB Sean White 0-0: Called Strike
0-1: Ball
1-1: Ball
2-1: Foul Ball, location: 2F
2-2: Ball
3-2: DOUBLE (Flyball, 9)
Batting: RHB Alfredo Villegas 0-0: Ball
1-0: Ball
2-0: Called Strike
2-1: Swinging Strike
2-2: Foul Ball, location: 2F
2-2: Foul Ball, location: 2F
2-2: Fly out, F2 (Popup, 5S)
Pitching: RHP Will Brown
Batting: LHB Gonzalo Gálvez 0-0: Called Strike
0-1: Ground out 4-3 (Groundball, 4)
Sean White to third
Batting: RHB Sidney Smith 0-0: Fly out, F5 (Popup, 5L)
Bottom of the 6th over - 0 run(s), 1 hit(s), 0 error(s), 1 left on base; Grim 2 - Minnesota 0
TOP OF THE 7TH
Grim Reapers batting - Pitching for Minnesota Death Stars : RHP Luis García
Batting: RHB John Jones 0-0: Ball
1-0: Ball
2-0: Ground out 6-3 (Groundball, 6)
Batting: RHB Arthur Hopkins 0-0: Called Strike
0-1: Swinging Strike
0-2: Ground out U3 (Groundball, 34)
Batting: LHB Carlos De La Rosa 0-0: Called Strike
0-1: Swinging Strike
0-2: Ball
1-2: Ball
2-2: DOUBLE (Groundball, 3L)
Batting: RHB Jeremiah Ward 0-0: Ball
1-0: Ball
2-0: Called Strike
2-1: Called Strike
2-2: Ball
3-2: Foul Ball, location: 2F
3-2: Strikes out swinging
Top of the 7th over - 0 run(s), 1 hit(s), 0 error(s), 1 left on base; Grim 2 - Minnesota 0
BOTTOM OF THE 7TH
Minnesota Death Stars batting - Pitching for Grim Reapers : RHP Will Brown
Batting: RHB Manuel Cintrón 0-0: Ball
1-0: Called Strike
1-1: Foul Ball, location: 2F
1-2: Ball
2-2: Foul Ball, location: 2F
2-2: Ball
3-2: Foul Ball, location: 2F
3-2: Strikes out swinging
Batting: LHB Shannon Hunter 0-0: Swinging Strike
0-1: Fly out, F7 (Flyball, 7)
Batting: RHB Ryan Williams 0-0: Foul Ball, location: 2F
0-1: Swinging Strike
0-2: Ball
1-2: Ball
2-2: Strikes out looking
Bottom of the 7th over - 0 run(s), 0 hit(s), 0 error(s), 0 left on base; Grim 2 - Minnesota 0
TOP OF THE 8TH
Grim Reapers batting - Pitching for Minnesota Death Stars : RHP Luis García
Batting: RHB Micheal Banks 0-0: Called Strike
0-1: Called Strike
0-2: Foul Ball, location: 2F
0-2: Ball
1-2: Foul Ball, location: 2F
1-2: Foul Ball, location: 2F
1-2: Strikes out swinging
Batting: LHB Jesús Rojas 0-0: Ball
1-0: Ball
2-0: Ground out 5-3 (Groundball, 56)
Batting: SHB Sean Moody 0-0: Called Strike
0-1: Swinging Strike
0-2: Ball
1-2: Ball
2-2: Fly out, F7 (Line Drive, 7S)
Top of the 8th over - 0 run(s), 0 hit(s), 0 error(s), 0 left on base; Grim 2 - Minnesota 0
BOTTOM OF THE 8TH
Minnesota Death Stars batting - Pitching for Grim Reapers : RHP Will Brown
Batting: SHB Manuel Jiménez 0-0: Ball
1-0: Ball
2-0: Called Strike
2-1: Fly out, F8 (Flyball, 8LS)
Batting: RHB José Chávez 0-0: Fly out, F4 (Line Drive, 4M)
Batting: RHB Sean White 0-0: Ball
1-0: Swinging Strike
1-1: Ball
2-1: Ground out 6-3 (Groundball, 6)
Bottom of the 8th over - 0 run(s), 0 hit(s), 0 error(s), 0 left on base; Grim 2 - Minnesota 0
TOP OF THE 9TH
Grim Reapers batting - Pitching for Minnesota Death Stars : RHP Luis García
Batting: RHB Roberto Solís 0-0: Called Strike
0-1: Ball
1-1: Foul Ball, location: 2F
1-2: Strikes out looking
Pitching: RHP Jerry Catron
Batting: RHB Gilbert Forbes 0-0: Ball
1-0: Foul Ball, location: 2F
1-1: Foul Ball, location: 2F
1-2: Strikes out swinging
Batting: RHB John Jones 0-0: Called Strike
0-1: Foul Ball, location: 2F
0-2: Foul Ball, location: 2F
0-2: Fly out, F9 (Flyball, 89M)
Top of the 9th over - 0 run(s), 0 hit(s), 0 error(s), 0 left on base; Grim 2 - Minnesota 0
BOTTOM OF THE 9TH
Minnesota Death Stars batting - Pitching for Grim Reapers : RHP Will Brown
Pitching: RHP Joe Bell
Batting: RHB Alfredo Villegas 0-0: Swinging Strike
0-1: Swinging Strike
0-2: Strikes out swinging
Batting: LHB Gonzalo Gálvez 0-0: Ball
1-0: Called Strike
1-1: Ball
2-1: Foul Ball, location: 2F
2-2: Ball
3-2: Foul Ball, location: 2F
3-2: Strikes out swinging
Pitching: RHP António Castaneda
Batting: RHB Sidney Smith 0-0: Foul Ball, location: 2F
0-1: Foul Ball, location: 2F
0-2: Strikes out swinging
Bottom of the 9th over - 0 run(s), 0 hit(s), 0 error(s), 0 left on base; Grim 2 - Minnesota 0
Tuesday, August 8th, 2017 - OOTP Baseball 17.12 Build 75